 Dungeon Crawl Stone Soup version 0.25-a0-246-g58704a1ebd (webtiles) character file.

Game seed: 824871380998329419, levelgen mode: classic

894 Borgoz the Twirler (level 8, -8/50 HPs)
             Began as a Gargoyle Gladiator on Dec 4, 2019.
             Was a Follower of Okawaru.
             Killed by divine providence
             ... invoked by an orc priest
              (17 damage)
             ... on level 5 of the Dungeon.
             The game lasted 00:07:29 (4353 turns).

Borgoz the Twirler (Gargoyle Gladiator)             Turns: 4353, Time: 00:07:30

Health: -8/50      AC: 12    Str: 19    XL:     8   Next: 6%
Magic:  7/9        EV: 10    Int: 10    God:    Okawaru [*.....]
Gold:   128        SH:  0    Dex: 11    Spells: 7/7 levels left

rFire    . . .     SeeInvis .   a - +0 quarterstaff
rCold    . . .     Gourm    .   (shield currently unavailable)
rNeg     + . .     Faith    .   t - +0 ring mail (curse)
rPois    ∞         Spirit   .   o - +0 helmet
rElec    +         Reflect  .   (no cloak)
rCorr    +         Harm     .   (no gloves)
MR       .....                  (no boots)
Stlth    +.........             (no amulet)
HPRegen  0.16/turn              w - -2 ring of evasion (curse)
MPRegen  0.11/turn              r - ring of resist corrosion

@: no status effects
A: negative energy resistance 1, electricity resistance, unbreathing,
petrification resistance, rot immunity, AC +5
a: Heroism, Renounce Religion


You were on level 5 of the Dungeon.
You worshipped Okawaru.
Okawaru was aware of your devotion.
You were hungry.

You visited 2 branches of the dungeon, and saw 6 of its levels.

You collected 128 gold pieces.

Inventory:

Hand Weapons
 a - a +0 quarterstaff (weapon)
Missiles
 d - a throwing net (quivered)
Armour
 o - a +0 helmet (worn)
 t - a cursed +0 ring mail (worn)
Jewellery
 p - a +4 ring of intelligence
 r - a ring of resist corrosion (right hand)
 w - a cursed -2 ring of evasion (left hand)
 y - an uncursed ring of protection from fire
Wands
 s - a wand of flame (7)
Scrolls
 e - 2 scrolls of teleportation
 n - 5 scrolls of remove curse
 x - a scroll of magic mapping
Potions
 c - a potion of mutation
 g - a potion of agility {unknown}
 h - a potion of heal wounds {unknown}
 i - 6 potions of lignification {unknown}
 j - 3 potions of brilliance {unknown}
 k - 3 potions of might
 l - a potion of invisibility
 m - a potion of curing
 q - 2 potions of berserk rage {unknown}
 u - a potion of cancellation
Comestibles
 f - 9 rations
 v - 4 chunks of flesh


   Skills:
 * Level 5.4 Fighting
 * Level 5.4 Staves
 - Level 1.7 Throwing
 * Level 5.0 Armour
 + Level 3.6 Dodging
 + Level 1.5 Invocations


You had 7 spell levels left.
You didn't know any spells.
Your spell library was empty.

Dungeon Overview and Level Annotations

Branches:
Dungeon (5/15)             Temple (1/1) D:4

Altars:
Ashenzari
Dithmenos
Elyvilon
Fedhas
Gozag
Hepliaklqana
Kikubaaqudgha
Makhleb
Okawaru
Qazlal
Ru
Sif Muna
Trog
Uskayaw
Vehumet
Wu Jian
Yredelemnul
Zin
The Shining One

Shops:
D:4 [


Innate Abilities, Weirdness & Mutations

You are resistant to torment.
Your stone body is resilient. (AC +5)
You are immune to poison.
You resist negative energy. (rN+)
You are resistant to electric shocks. (rElec)
You can survive without breathing.
You are immune to petrification.
You are immune to rotting.


Message History

Beogh smites you!
* * * LOW HITPOINT WARNING * * *
Throwing (i - inventory)
d - 2 throwing nets (quivered)
Press: ? - help, Shift-Dir - straight line, f - orc priest
Aim: an orc priest, wearing a +0 ring mail (moderately wounded)
You throw a throwing net. The throwing net hits the orc priest.
The orc priest is caught in the net!
The orc priest is moderately wounded.
The orc priest struggles against the net.
You hit the orc priest but do no damage.
The orc priest is moderately wounded.
The orc priest struggles against the net.
You hit the orc priest but do no damage.
The orc priest is moderately wounded.
The orc priest struggles against the net.
You hit the orc priest but do no damage.
The orc priest is moderately wounded.
The orc priest invokes the aid of Beogh against you.
Beogh smites you!
You die...

##.#.#.##.......## ##...#
##....#...........####....####
#..#######..>.....+...........
##....#...........##.......###
####.#.#.##.......###.##.#..#
#......#.###.....## #. ###..#
#>####...# ##...## # ...# #
##### ##'## #.#.# #@# #.#.#
#o# #.#.# #{# ... ... #...#
.#.## ....


You could see an orc priest (caught).

Vanquished Creatures
  A hungry ghost (D:4)
  An ogre (D:5)
  4 hounds
  An orc priest (D:5)
  A centaur skeleton (D:5)
  Jessica (D:3)
  A gnoll shaman (D:5)
  Natasha (thrice) (D:3)
  Terence (D:3)
  3 worker ants
  A hound zombie (D:5)
  Robin (D:3)
  7 gnolls (D:5)
  5 adders
  2 oozes (D:1)
  An adder skeleton (D:4)
  2 worms
  A dart slug (D:2)
  5 leopard geckos
  8 orcs
  14 giant cockroaches
  15 goblins
  12 hobgoblins
  9 jackals
  4 kobolds
  2 quokkas
  4 bats
  4 frilled lizards
  2 leopard gecko zombies
  9 rats
125 creatures vanquished.

Notes
Turn   | Place    | Note
-------+----------+-------------------------------------------
     0 | D:1      | Borgoz the Gargoyle Gladiator began the quest for the Orb.
     0 | D:1      | Reached XP level 1. HP: 12/12 MP: 1/1
    68 | D:1      | Reached XP level 2. HP: 18/18 MP: 2/2
   122 | D:1      | Reached skill level 1 in Armour
   493 | D:1      | Reached XP level 3. HP: 22/22 MP: 3/3
   825 | D:2      | Reached XP level 4. HP: 17/28 MP: 4/4
   990 | D:2      | Found a radiant altar of Vehumet.
  1214 | D:2      | Found a white marble altar of Elyvilon.
  1644 | D:3      | Noticed Natasha
  1674 | D:3      | Reached XP level 5. HP: 19/32 MP: 5/5
  1677 | D:3      | Killed Natasha
  1855 | D:3      | Noticed Jessica
  1866 | D:3      | Killed Jessica
  2164 | D:3      | Noticed Natasha
  2173 | D:3      | Killed Natasha
  2238 | D:3      | Noticed Natasha
  2247 | D:3      | Killed Natasha
  2247 | D:3      | Reached XP level 6. HP: 26/38 MP: 6/6
  2524 | D:3      | Noticed Terence
  2533 | D:3      | Killed Terence
  2941 | D:4      | Noticed a hungry ghost
  2960 | D:4      | Killed a hungry ghost
  3033 | D:4      | Noticed Robin
  3204 | D:3      | Reached XP level 7. HP: 33/44 MP: 7/7
  3286 | D:3      | Killed Robin
  3421 | D:4      | Found a staircase to the Ecumenical Temple.
  3427 | Temple   | Entered the Ecumenical Temple
  3578 | Temple   | Became a worshipper of Warmaster Okawaru
  3811 | D:4      | Found Qeuprisa's Antique Armour Shop.
  3899 | D:4      | Found an opulent altar of Gozag.
  3977 | D:5      | Entered Level 5 of the Dungeon
  3984 | D:5      | Reached skill level 5 in Staves
  3988 | D:5      | Reached skill level 5 in Fighting
  4012 | D:5      | Reached skill level 1 in Invocations
  4346 | D:5      | Reached * piety under Okawaru
  4346 | D:5      | Reached skill level 5 in Armour
  4346 | D:5      | Reached XP level 8. HP: 12/50 MP: 7/9
  4353 | D:5      | Killed from afar by an orc priest

Levels and vault maps discovered:
D:1:      saegor_arrival_simple_b, layout_loops_ring,
          minmay_misc_feat_more_columns
D:2:      minmay_roachtagon, layout_basic, vehumet_crystals, elyvilon_altar_4
D:3:      layout_loops_corners, first_ration, kennysheep_jessica_study,
          uniq_terence, uniq_natasha
D:4:      layout_cave_pools, kennysheep_mini_moat, minmay_temple_entry_hall,
          serial_shops, nicolae_shop_behind_doors, corexii_leaking_fountain,
          uniq_robin
D:5:      cheibrodos_helix_gallery, layout_loops_corners,
          overflow_temple_1_default, basic_altar
Temple:   eino_temple_rhombus

Skill      XL: |  1  2  3  4  5  6  7 |
---------------+----------------------+-----
Armour         | 1 2 3 4 5 |  5.0
Fighting       | 3 4 5 |  5.4
Staves         | 4 5 |  5.4
Dodging        | 3 |  3.6
Invocations    | 1 |  1.5
Throwing       | |  1.7

Action                   |  1- 3 |  4- 6 |  7- 9 || total
-------------------------+-------+-------+-------++-------
Melee: Quarterstaff      |   107 |   233 |   155 ||   495
Throw: Throwing net      |       |       |     2 ||     2
  Use: Scroll            |     1 |     8 |     2 ||    11
       Potion            |       |       |     3 ||     3
  Eat: Chunk             |       |    12 |     3 ||    15
Armor: Leather armour    |    19 |       |       ||    19
       Ring mail         |    36 |   169 |    64 ||   269
Dodge: Dodged            |    58 |   225 |    88 ||   371

Table legend:
 A = Non-vault XP
 B = Vault XP
 C = Vault XP percentage of total XP
 D = Non-vault monster count
 E = Vault monster count
 F = Vault count percentage of total count
                 A         B        C        D         E       F
            +---------+---------+-------+---------+---------+-------
      Total |    1116 |     162 |  12.7 |     102 |      23 |  18.4
            +---------+---------+-------+---------+---------+-------
        D:1 |      49 |       0 |   0.0 |      22 |       0 |   0.0
        D:2 |      90 |      16 |  15.1 |      28 |       8 |  22.2
        D:3 |     168 |     140 |  45.5 |      16 |      12 |  42.9
        D:4 |     351 |       6 |   1.7 |      17 |       3 |  15.0
        D:5 |     458 |       0 |   0.0 |      19 |       0 |   0.0
            +---------+---------+-------+---------+---------+-------
